 Dungeon Crawl Stone Soup version 0.30-a0-462-gd5975efbca (webtiles) character file.

Game seed: 6499642466058603289

1062 porpoise the Cleaver (level 8, -5/73 HPs)
             Began as a Hill Orc Monk on Dec 17, 2022.
             Splashed by a jelly's acid (8 damage)
             ... on level 5 of the Dungeon.
             The game lasted 00:21:43 (5468 turns).

porpoise the Cleaver (Hill Orc Monk)                Turns: 5468, Time: 00:21:44

Health: -5/73      AC: -6    Str: 19    XL:     8   Next: 27%
Magic:  8/8        EV: 12    Int: 10    God:
Gold:   88         SH:  0    Dex: 13    Spells: 7/7 levels left

rFire   . . .      SeeInvis .    a - +0 hand axe
rCold   + . .      Faith    .    (no shield)
rNeg    . . .      Spirit   .    y - +1 leather armour {rC+}
rPois   .          Reflect  .    t - +1 helmet
rElec   .          Harm     .    m - +0 cloak
rCorr   .          Rampage  .    w - +2 pair of gloves {Str+3}
Will    .....                    (no boots)
Stlth   ++........               z - amulet of regeneration
HPRegen 1.12/turn                (no ring)
MPRegen 0.11/turn                (no ring)

@: corroded
A: no striking features
a: no special abilities


You were on level 5 of the Dungeon.
You visited 1 branch of the dungeon, and saw 5 of its levels.
You also visited: Sewer.

You collected 214 gold pieces.
You spent 126 gold pieces at shops.

Inventory:

Hand Weapons
 a - a +0 hand axe (weapon)
 b - a +2 dagger of venom
 B - a +0 morningstar
Missiles
 i - a boomerang (quivered)
 C - 4 javelins
Armour
 j - a +0 ring mail
 m - a +0 cloak (worn)
 t - a +1 helmet (worn)
 w - a +2 pair of gloves of strength (worn)
 y - a +1 leather armour of cold resistance (worn)
 F - a +0 kite shield
Jewellery
 x - an amulet of the acrobat
 z - an amulet of regeneration (around neck)
Wands
 I - a wand of digging (8)
 J - a wand of polymorph (3)
Scrolls
 f - a scroll of magic mapping
 g - a scroll of silence
 h - a scroll of enchant weapon {unknown}
 k - a scroll of immolation
 l - a scroll of enchant armour
 n - 2 scrolls of vulnerability
 o - 2 scrolls of blinking
 s - a scroll of torment {unknown}
 A - a scroll of teleportation {unknown}
 D - a scroll of poison
 E - a scroll of fog
Potions
 c - a potion of ambrosia
 d - a potion of mutation {unknown}
 e - 2 potions of brilliance {unknown}
 p - 2 potions of resistance
 q - 4 potions of heal wounds
 r - a potion of haste {unknown}
 u - 3 potions of curing
 v - 5 potions of invisibility {unknown}
 G - 3 potions of cancellation {unknown}
 H - a potion of magic {unknown}


   Skills:
 + Level 7.4 Fighting
 * Level 10.8 Axes
 - Level 2.4 Dodging
 - Level 1.5 Stealth


You had 7 spell levels left.
You didn't know any spells.
Your spell library contained the following spells:

 Spells                   Type           Power      Damage    Failure   Level
 Magic Dart               Conj           0%         1d3       41%         1
 Searing Ray              Conj           0%         2d4       56%         2
 Fulminant Prism          Conj/Hex       0%         3d5       99%         4


Dungeon Overview and Level Annotations

Branches:
Dungeon (5/15)              Sewer (visited)
 Temple: D:4-7

Altars:

Shops:
D:4 ?


Message History

A jelly comes into view.
Throw: boomerang
Press: ? - help, Q - select action, (/) - cycle Shift-Dir - straight line, f - jelly
Aim: a jelly (asleep, 98% to hit)
You throw a boomerang.
The boomerang hits the jelly but does no damage.
The jelly quivers.
You hit the jelly. The acid corrodes you!
Your hands burn!
The jelly is moderately wounded.
The jelly hits you.
You are splashed with acid!
You hit the jelly.
Your hands burn!
You punch the jelly.
The jelly is heavily wounded.
You hit the jelly. The acid corrodes you!
Your hands burn!
The jelly is severely wounded.
The jelly closely misses you.
You hit the jelly but do no damage.
Your hands burn!
The jelly is severely wounded.
The jelly hits you but does no damage.
You hit the jelly.
Your hands burn!
The jelly is almost dead.
The jelly hits you.
You are splashed with acid!
You hit the jelly but do no damage. The acid corrodes you!
Your hands burn!
The jelly is almost dead.
You hit the jelly but do no damage.
Your hands burn!
The jelly is almost dead.
The jelly hits you.
You are splashed with acid!
You hit the jelly but do no damage.
Your hands burn!
The jelly is almost dead.
The jelly hits you. The acid corrodes you!
You are splashed with acid!
* * * LOW HITPOINT WARNING * * *
You barely miss the jelly.
The jelly is almost dead.
The jelly hits you.
* * * LOW HITPOINT WARNING * * *
The acid corrodes you!
You are splashed with acid!
* * * LOW HITPOINT WARNING * * *
The jelly attacks as you move away! The jelly hits you.
* * * LOW HITPOINT WARNING * * *
You are splashed with acid!
You die...

.K............#
#.......##.#
#.......##.#
#.......##.#
...(...##.#
#.....##.#
#.....##K####
#...J.##....#
#...@.#####.#
#.....# #.# ##
#.....# #K# #.
###.### #.# #.
#.### #.# #.
#...#####.# #.
#.###.....# #.
#.# #K#####
##### #.# #.#
#..<.


You could see a jelly.

Vanquished Creatures
  Pikel (D:5)
  4 lemures (D:4)
  2 hounds (D:4)
  3 jellies (Sewer)
  3 orc priests
  An iguana (D:4)
  Natasha (twice) (D:2)
  An orc wizard (D:4)
  3 gnolls
  9 adders
  2 river rats (Sewer)
  4 worms (D:2)
  2 dart slugs (D:4)
  11 orcs
  8 bats
  11 endoplasms
  9 giant cockroaches
  8 goblins
  10 hobgoblins
  3 jackals (D:2)
  5 quokkas
  15 ball pythons
  4 frilled lizards
  4 kobolds
  10 rats
135 creatures vanquished.

Notes
Turn   | Place    | Note
-------+----------+-------------------------------------------
     0 | D:1      | porpoise the Hill Orc Monk began the quest for the Orb.
     0 | D:1      | Reached XP level 1. HP: 19/19 MP: 1/1
   410 | D:1      | Reached XP level 2. HP: 23/27 MP: 2/2
   790 | D:1      | Reached skill level 5 in Axes
  1034 | D:2      | Reached XP level 3. HP: 33/33 MP: 3/3
  1370 | D:2      | Noticed Natasha
  1377 | D:2      | Killed Natasha
  1378 | D:2      | Reached XP level 4. HP: 33/41 MP: 4/4
  1632 | D:2      | Reached skill level 6 in Axes
  1712 | D:2      | Noticed Natasha
  1723 | D:2      | Killed Natasha
  1754 | D:2      | Reached XP level 5. HP: 44/47 MP: 5/5
  2368 | D:2      | Reached skill level 5 in Fighting
  2555 | D:3      | Reached skill level 7 in Axes
  2882 | D:3      | Found a faded altar of an unknown god.
  2901 | D:3      | Reached XP level 6. HP: 56/56 MP: 6/6
  3565 | D:4      | Reached skill level 8 in Axes
  3928 | D:4      | Reached XP level 7. HP: 63/63 MP: 7/7
  3964 | D:4      | Found Hudiyxue's Magic Scroll Emporium.
  3981 | D:4      | Bought a scroll of blinking for 82 gold pieces
  3981 | D:4      | Bought a scroll of fog for 44 gold pieces
  4013 | D:4      | Found a glowing drain.
  4037 | Sewer    | Entered a sewer
  4432 | Sewer    | Reached skill level 9 in Axes
  4511 | Sewer    | Found a viscous altar of Jiyva.
  4863 | D:5      | Entered Level 5 of the Dungeon
  4964 | D:5      | Noticed Pikel
  5408 | D:5      | Killed Pikel
  5409 | D:5      | Reached skill level 10 in Axes
  5409 | D:5      | Reached XP level 8. HP: 73/73 MP: 8/8
  5468 | D:5      | HP: 3/73 [jelly (2)]
  5468 | D:5      | Splashed by a jelly's acid

Illustrated notes

Levels and vault maps discovered:
D:1:      dpeg_arrival_erosion, layout_basic, serial_corexii_hall,
          corexii_hall_statues_i, chequers_hall_statues_corner_a,
          corexii_hall_statues_i, corexii_hall_statues_u,
          corexii_hall_statues_x, chequers_hall_statues_y, solitary_fountain,
          minmay_misc_feat_room
D:2:      layout_loops_ring, uniq_natasha
D:3:      layout_basic, ebering_ecumenical_altar_sacrificial
D:4:      layout_loops_ring, serial_shops, shop, gup_sewer_entry_glass
D:5:      layout_basic, uniq_pikel, uniq_blork_the_orc

Skill      XL: |  1  2  3  4  5  6  7 |
---------------+----------------------+-----
Fighting       | 4 5 6 7 |  7.4
Axes           | 5 6 7 8 10 | 10.8
Dodging        | |  2.4
Stealth        | |  1.5

Action                   |  1- 3 |  4- 6 |  7- 9 || total
-------------------------+-------+-------+-------++-------
Melee: Hand axe          |   120 |   242 |   222 ||   584
       Dagger            |     4 |       |       ||     4
       Punch             |     2 |     2 |     7 ||    11
       Unarmed           |       |       |     2 ||     2
Throw: Javelin           |     3 |     7 |       ||    10
       Boomerang         |       |     3 |     9 ||    12
  Use: Scroll            |       |     8 |     1 ||     9
 Stab: Sleeping          |     1 |     5 |       ||     6
       Distracted        |     1 |       |       ||     1
Armor: Robe              |    30 |    21 |       ||    51
       Ring mail         |       |    12 |       ||    12
       Leather armour    |       |    44 |    50 ||    94
       Skin              |       |       |     1 ||     1
Dodge: Dodged            |    59 |   132 |    83 ||   274

Table legend: (Time is in decaauts)
 A = Elapsed time spent in this place.
 B = Non-inter-level travel time spent in this place.
 C = Inter-level travel time spent in this place.
 D = Time resting spent in this place.
 E = Time spent auto-exploring this place.
 F = Levels seen in this place.
 G = Mean time per level.
                   A        B        C        D        E       F      G
               +--------+--------+--------+--------+--------+-----+--------+
         Total |   5467 |   5388 |     79 |   1440 |   2196 |   6 |  911.2 |
       Dungeon |   4889 |   4810 |     79 |   1318 |   2195 |   5 |  977.8 |
         Sewer |    578 |    578 |      0 |    122 |      1 |   1 |  578.0 |
               +--------+--------+--------+--------+--------+-----+--------+

Top non-repeatable levels by time:
     D:2: 1348 daAuts
     D:4: 1191 daAuts
     D:1: 1073 daAuts
     D:3: 970 daAuts
   Sewer: 578 daAuts
     D:5: 305 daAuts
